 Dungeon Crawl Stone Soup version 0.30-a0-860-g512cf1e979 (webtiles) character file.

Game seed: 2673834850230749309

143042 browni3141 the Unseen (level 17, 0/110 HPs)
             Began as a Kobold Artificer on Mar 7, 2023.
             Was an Initiate of Gozag.
             Hit by a large rock thrown by a stone giant (28 damage)
             ... on level 2 of the Depths.
             The game lasted 00:40:34 (27700 turns).

browni3141 the Unseen (Kobold Artificer)           Turns: 27700, Time: 00:40:34

Health: 0/110      AC: 14    Str:  9    XL:     17   Next: 98%
Magic:  17/17      EV: 44    Int: 12    God:    Gozag
Gold:   5320       SH:  5    Dex: 44    Spells: 16/16 levels left

rFire   . . .      SeeInvis .    x - +12 pair of quick blades "Gyre" and "Gimble" {protect}
rCold   . . .      Faith    .    (shield currently unavailable)
rNeg    + . .      Spirit   .    M - +1 leather armour of Amelioration {rPois rN+ Dex+3}
rPois   +          Reflect  +    (no helmet)
rElec   .          Rampage  .    Y - scarf {+Inv}
rCorr   .                        b - +2 pair of gloves {Dex+3}
Will    +....                    (no boots)
Stlth   ++++++++++               I - amulet of reflection
HPRegen 0.38/turn                t - +6 ring of dexterity
MPRegen 0.15/turn                G - +6 ring of dexterity

@: gold aura, under a protective aura
A: small, no large weapons, nightstalker 3, agile 1
a: Renounce Religion, Evoke Invisibility, Potion Petition, Call Merchant, Bribe
Branch


You were on level 2 of the Depths.
You worshipped Gozag.
Gozag was greatly pleased with you.
You visited 5 branches of the dungeon, and saw 25 of its levels.

You collected 9017 gold pieces.
You spent 3642 gold pieces at shops.
You paid 55 gold pieces to Gozag.

Inventory:

Hand Weapons
 a - a +0 club
 x - the +12 pair of quick blades "Gyre" and "Gimble" (weapon) {protect}
   (You acquired it on level 4 of the Dungeon)
Missiles
 N - a throwing net
 S - 9 curare-tipped darts
Armour
 b - a +2 pair of gloves of dexterity (worn)
 f - a +2 kite shield of reflection
 M - the +1 leather armour of Amelioration (worn) {rPois rN+ Dex+3}
   (You found it on level 2 of the Lair of Beasts)

   Dex:       It affects your dexterity (+3).
   rPois:     It protects you from poison.
   rN:        It protects you from negative energy.
 Y - a scarf of invisibility (worn)
Jewellery
 r - a ring of willpower
 t - a +6 ring of dexterity (left hand)
 G - a +6 ring of dexterity (right hand)
 I - an amulet of reflection (around neck)
 K - a ring of flight
 O - a ring of resist corrosion
 T - a ring of ice
 V - a ring of fire
 X - the ring "Loegew" {MP+9 Str+3 SInv}
   (You acquired it on level 15 of the Dungeon)

   [ring of see invisible]

   Str:       It affects your strength (+3).
   MP:        It affects your magic capacity (+9).
   SInv:      It lets you see invisible.
Wands
 c - a wand of flame (7) (quivered)
 d - a wand of charming (19)
 e - a wand of iceblast (15)
 J - a wand of polymorph (12)
 U - a wand of quicksilver (5)
Scrolls
 j - a scroll of magic mapping
 k - 4 scrolls of enchant armour
 n - 10 scrolls of teleportation
 q - 3 scrolls of immolation
 s - 3 scrolls of noise
 y - 3 scrolls of poison
 z - 2 scrolls of blinking
 A - a scroll of butterflies
 B - 2 scrolls of fog
 D - 5 scrolls of fear
 L - 5 scrolls of identify
 Q - 4 scrolls of amnesia
 R - 6 scrolls of vulnerability
 W - 5 scrolls of enchant weapon
Potions
 g - 2 potions of magic
 h - 6 potions of haste
 i - 3 potions of lignification
 l - 6 potions of brilliance
 m - 15 potions of curing
 o - 7 potions of mutation
 p - 7 potions of attraction
 u - 3 potions of degeneration
 v - 2 potions of resistance
 w - 6 potions of ambrosia
 C - 7 potions of might
 E - 3 potions of berserk rage
 H - a potion of cancellation
 P - 4 potions of heal wounds
 Z - 2 potions of invisibility
Miscellaneous
 F - a condenser vane


   Skills:
 * Level 13.9 Fighting
 - Level 8.0 Short Blades
 - Level 8.0 Maces & Flails
 - Level 4.0 Armour
 - Level 17.0 Dodging
 - Level 20.0 Stealth
 * Level 3.1 Shields
 + Level 19.3 Evocations


You had 16 spell levels left.
You didn't know any spells.
Your spell library contained the following spells:

 Spells                   Type           Power      Damage    Failure   Level
 Sandblast                Erth           0%         2d4       41%         1
 Shock                    Conj/Air       0%         1d3       41%         1
 Slow                     Hex            0%         N/A       41%         1
 Passwall                 Tmut/Erth      0%         N/A       56%         2
 Call Canine Familiar     Summ           0%         N/A       80%         3
 Confusing Touch          Hex            0%         N/A       80%         3
 Gell's Gravitas          Tloc           0%         N/A       80%         3
 Hailstorm                Conj/Ice       0%         3d3       80%         3
 Kindle Blastsparks       Fire/Tloc/Air  0%         2d10      80%         3
 Portal Projectile        Hex/Tloc       0%         N/A       80%         3
 Stone Arrow              Conj/Erth      0%         3d7       80%         3
 Swiftness                Air            0%         N/A       80%         3
 Teleport Other           Tloc           0%         N/A       80%         3
 Vampiric Draining        Necr           0%         2d6       80%         3
 Airstrike                Air            0%         2d(0-16)  99%         4
 Anguish                  Hex/Necr       0%         N/A       99%         4
 Ice Form                 Ice/Tmut       0%         N/A       99%         4
 Iskenderun's Mystic Bla  Conj/Tloc      0%         2d3       99%         4
 Leda's Liquefaction      Hex/Erth       0%         N/A       99%         4
 Manifold Assault         Tloc           0%         N/A       99%         4
 Alistair's Intoxication  Tmut/Pois      0%         N/A       100%        5
 Borgnjor's Vile Clutch   Necr/Erth      0%         N/A       100%        5
 Lee's Rapid Deconstruct  Erth           0%         3d4*      100%        5
 Dispersal                Tloc           0%         N/A       100%        6
 Eringya's Noxious Bog    Tmut/Pois      0%         N/A       100%        6
 Statue Form              Tmut/Erth      0%         N/A       100%        6
 Enfeeble                 Hex            0%         N/A       100%        7
 Simulacrum               Ice/Necr       Unusable   N/A       N/A         6

Dungeon Overview and Level Annotations

Branches:
Dungeon (15/15)            Temple (1/1) D:7            Lair (5/5) D:10
 Shoals (0/4) Lair:2        Snake (0/4) Lair:2        Slime (0/5) Lair:4
    Orc (2/2) D:10            Elf (0/3) Orc:2        Vaults (0/5) D:14
 Depths (2/4) D:15

Altars:
Ashenzari
Cheibriados
Dithmenos
Elyvilon
Fedhas
Gozag
Hepliaklqana
Kikubaaqudgha
Makhleb
Nemelex Xobeh
Okawaru
Qazlal
Ru
Sif Muna
Trog
Uskayaw
Vehumet
Wu Jian
Xom
Yredelemnul
Zin
The Shining One
Jiyva
Lugonu

Shops:
D:4 ?   D:8 :   Orc:2 [*!!

Portals:
Hell: Depths:1
Abyss: Lair:5
Trove: D:11 (give 5 scrolls of fog)

Annotations:
D:3 dig vault
D:6 1 runed translucent door
D:9 1 transporter, exclusions: downstairs, ice statue and oklob plant, bmack86's ghost, novice MiFi
Orc:1 exclusion: 3 orange crystal statues
Depths:2 exclusion: orange crystal statue


Innate Abilities, Weirdness & Mutations

You are small and have problems with some larger weapons.
You are completely attuned to the shadows.
You are agile. (Dex +4, Str/Int -1)


Message History

A fire giant is nearby!
A fire giant is nearby!
The fire giant gestures at you while chanting.
The fireball explodes!
The fireball engulfs you!
You hear a shout! x2; You hear two shouts!
You hear a shout!
The fire giant hits you with a +2 great sword of flaming!!
The fire giant burns you.
You puncture the fire giant! You completely miss the fire giant.
You hit the fire giant.
You hit the fire giant but do no damage.
The fire giant completely misses you.
You hit the fire giant. x2
You hit the fire giant. You puncture the fire giant!
You barely miss the fire giant. You puncture the fire giant!
You hit the fire giant.
You hit the fire giant but do no damage.
The fire giant casts a spell at you. The bolt of fire misses you.
You puncture the fire giant! You hit the fire giant.
You puncture the fire giant! You hit the fire giant. You hit the fire giant.
You completely miss the fire giant.
The fire giant hits you with a +2 great sword of flaming!
The fire giant burns you.
You are too injured to fight recklessly!
You are too injured to fight recklessly!
You are too injured to fight recklessly!
You hit the fire giant. x2
You hit the fire giant but do no damage.
You puncture the fire giant! You puncture the fire giant!
You hit the fire giant.
The fire giant points at you and mumbles some strange words.
The fireball explodes!
The fireball engulfs you!!
* * * LOW HITPOINT WARNING * * *
The fireball engulfs the fire giant.
The fire giant resists.
The fire giant dies!
You hear a bellow!
A stone giant comes into view.
The stone giant throws a large rock.
The large rock hits you!!
You die...
Your body crumbles into a pile of gold.

.. ... ... ...#'#
#'## ...#.# #..##.
.......####.....##
.............# ...
.....#.####.## #.#
.....#'####.# ##'####
..........#$###.@...#
..........#.C.'.....#
..........##..#$....#
..........'...#...$.#
..........###.#.....#
### #.###..... #.....


You could see a stone giant.

Vanquished Creatures
  A bone dragon (Depths:1)
  Rupert (D:15)
  Jorgrun (D:14)
  A lich (Depths:1)
  A deep elf master archer (Depths:2)
  A walking frostbound tome (Depths:1)
  Kirke (D:13)
  A fire giant (Depths:1)
  A frost giant (Depths:1)
  3 iron dragons (Depths:1)
  A balrug (Depths:1)
  8 stone giants
  5 very ugly things (Depths:1)
  Nessos (D:12)
  3 spark wasps (Depths:1)
  Snorg (D:11)
  2 ettins
  Josephine (D:10)
  A merfolk javelineer (Depths:1)
  4 fire dragons
  A hell beast (Depths:1)
  3 ogre magi (Orc:2)
  A rakshasa (Depths:1)
  A spriggan air mage (Depths:2)
  4 ice dragons (Depths:1)
  4 hydras
  A catoblepas (Lair:3)
  2 dancing weapons (D:14)
  5 centaur warriors
  4 boulder beetles
  A deep troll shaman (Depths:2)
  9 death yaks
  16 two-headed ogres
  A spriggan berserker (Depths:2)
  8 tengu warriors
  Urug (Lair:1)
  A deep troll earth mage (Depths:2)
  A sun demon (D:15)
  4 thrashing horrors (Lair:5)
  3 hell knights (Depths:2)
  A skyshark (Lair:4)
  The ghost of DiggyJ the Cleaver, a novice HOBe of Trog (D:6)
  A sixfirhy (D:15)
  3 iron trolls (Depths:2)
  A death drake (shapeshifter) (D:12)
  A deep troll (Depths:2)
  A spark wasp zombie (Depths:1)
  3 orc knights
  A necromancer (Depths:1)
  4 harpies (D:15)
  2 large abominations (Lair:5)
  6 cyclopes
  5 manticores
  8 ugly things
  6 black mambas
  A fire giant skeleton (Depths:1)
  A frost giant skeleton (Depths:1)
  A rust devil (D:15)
  A smoke demon (D:15)
  12 cane toads
  An unseen horror (D:11)
  7 komodo dragons
  3 rime drakes
  2 tengu conjurers (Depths:1)
  3 ice devils (D:15)
  9 trolls
  3 red devils (D:15)
  3 ancient zymes (Lair:5)
  A polar bear (Lair:3)
  2 hellwings (D:15)
  A hornet (Depths:2)
  A frost giant simulacrum (Depths:1)
  7 dream sheep (Lair:5)
  28 blink frogs
  11 slime creatures
  A centaur simulacrum (D:15)
  3 spriggans
  4 ynoxinuls
  3 shadows
  6 wyverns
  6 humans (D:7)
  55 yaks
  2 hogs (D:13)
  4 wraiths (D:10)
  3 vampires
  A water elemental (D:15)
  8 basilisks
  3 chaos spawn (Lair:5)
  A steam dragon (D:8)
  7 vampire mosquitoes (D:13)
  Menkaure (D:6)
  Edmund (D:4)
  A neqoxec (D:15)
  7 small abominations (Lair:5)
  4 wargs
  2 nagas (Lair:2)
  5 acid dragons
  18 water moccasins
  19 orc warriors
  An ice beast (D:6)
  5 black bears
  A spriggan simulacrum (Depths:1)
  26 ogres
  5 centaurs
  10 wolves
  3 phantoms
  3 kobold brigands
  3 gnoll sergeants
  11 bullfrogs
  2 howler monkeys
  2 vampire bats (Lair:5)
  An electric eel (Lair:3)
  4 crimson imps (D:6)
  A jelly (D:7)
  12 orc priests
  4 hounds
  Jessica (D:2)
  A sleepcap (D:6)
  Terence (D:2)
  3 iguanas
  22 orc wizards
  8 adders
  12 gnolls
  4 river rats (D:7)
  3 shadow imps
  A worm (D:2)
  A dart slug (D:4)
  71 orcs
  8 endoplasms
  A giant cockroach (D:1)
  7 goblins
  8 hobgoblins
  7 jackals
  17 kobolds
  8 quokkas
  8 ball pythons
  10 bats
  6 frilled lizards
  9 rats
  A butterfly (Lair:5)
  A plant (D:7)
730 creatures vanquished.

Vanquished Creatures (collateral kills)
  An ogre mage (Orc:2)
  2 two-headed ogres (Orc:2)
  3 ogres (Orc:2)
  2 gnolls (D:2)
8 creatures vanquished.

Vanquished Creatures (others)
  A fire giant (Depths:2)
  A stone giant (Depths:1)
  A two-headed ogre (Orc:2)
  A slime creature (D:15)
  2 humans (D:13)
  An ogre (Orc:2)
  A gnoll (D:2)
  2 kobolds (D:8)
  A demonic plant (D:15)
  35 fungi
  85 plants
131 creatures vanquished.

Grand Total: 869 creatures vanquished

Notes
Turn   | Place    | Note
-------+----------+-------------------------------------------
     0 | D:1      | browni3141 the Kobold Artificer began the quest for the
                  | Orb.
     0 | D:1      | Reached XP level 1. HP: 12/12 MP: 1/1
   107 | D:1      | Reached skill level 2 in Stealth
   226 | D:1      | Reached XP level 2. HP: 11/16 MP: 2/2
   230 | D:1      | Reached skill level 3 in Stealth
   477 | D:1      | Reached XP level 3. HP: 17/20 MP: 3/3
   525 | D:1      | Reached skill level 4 in Stealth
   692 | D:2      | Noticed Terence
   696 | D:2      | Killed Terence
   697 | D:2      | Reached skill level 1 in Armour
   706 | D:2      | Reached XP level 4. HP: 17/26 MP: 4/4
  1176 | D:2      | Noticed Jessica
  1181 | D:2      | Killed Jessica
  1182 | D:2      | Reached skill level 1 in Short Blades
  1182 | D:2      | Reached XP level 5. HP: 30/31 MP: 5/5
  2107 | D:3      | Reached XP level 6. HP: 36/36 MP: 6/6
  2408 | D:3      | Found an opulent altar of Gozag.
  2447 | D:3      | Became a worshipper of Gozag Ym Sagoz the Greedy
  3115 | D:4      | Found Gemp's Magic Scroll Emporium.
  3117 | D:4      | Noticed Edmund
  3143 | D:4      | Reached skill level 5 in Stealth
  3896 | D:4      | Bought a scroll of identify for 22 gold pieces
  3896 | D:4      | Bought a scroll of butterflies for 44 gold pieces
  3896 | D:4      | Bought a scroll of fog for 44 gold pieces
  3896 | D:4      | Bought a scroll of identify for 22 gold pieces
  3898 | D:4      | Identified a scroll of acquirement
  3901 | D:4      | Acquired the +12 pair of quick blades "Gyre" and "Gimble"
                  | {protect}
  3901 | D:4      | Found the +12 pair of quick blades "Gyre" and "Gimble"
                  | {protect}
  4145 | D:4      | Killed Edmund
  4146 | D:4      | Reached XP level 7. HP: 42/42 MP: 7/7
  4166 | D:5      | Entered Level 5 of the Dungeon
  4194 | D:5      | Reached skill level 6 in Stealth
  4302 | D:5      | Reached skill level 5 in Dodging
  4393 | D:5      | Reached skill level 5 in Short Blades
  4419 | D:5      | Reached XP level 8. HP: 44/48 MP: 8/8
  5277 | D:6      | Noticed Menkaure
  5280 | D:6      | Killed Menkaure
  5281 | D:6      | Reached XP level 9. HP: 52/52 MP: 9/9
  5321 | D:6      | Reached skill level 7 in Stealth
  5361 | D:6      | Found a runed translucent door.
  5409 | D:6      | Reached skill level 5 in Evocations
  5410 | D:6      | Reached skill level 5 in Fighting
  5490 | D:6      | Found a runed translucent door.
  5505 | D:6      | Found a shimmering altar of Xom.
  5741 | D:6      | Found a white marble altar of Elyvilon.
  5757 | D:6      | Noticed DiggyJ's ghost (novice HOBe)
  5768 | D:6      | Killed DiggyJ's ghost
  5769 | D:6      | Reached skill level 8 in Stealth
  6065 | D:7      | Reached XP level 10. HP: 60/60 MP: 10/10
  6121 | D:7      | Reached skill level 9 in Stealth
  6179 | D:7      | Found a shadowy altar of Dithmenos.
  6334 | D:7      | Found a staircase to the Ecumenical Temple.
  6509 | D:7      | Found a shimmering blue altar of Sif Muna.
  6632 | D:7      | Reached skill level 10 in Stealth
  7073 | Temple   | Entered the Ecumenical Temple
  7076 | Temple   | Found a transporter.
  7076 | Temple   | Found a transporter.
  7078 | Temple   | Found a transporter.
  7078 | Temple   | Found a transporter.
  7252 | D:8      | Found Goores's Book Shoppe.
  8221 | D:9      | Reached skill level 11 in Stealth
  8235 | D:9      | Reached skill level 12 in Stealth
  8325 | D:9      | Got Wifig's Textbook on Superposition
  8336 | D:9      | Noticed an ice statue
  8342 | D:9      | Noticed a two-headed ogre
  8377 | D:9      | Reached XP level 11. HP: 54/64 MP: 11/11
  8460 | D:9      | Noticed a boulder beetle
  8462 | D:9      | Found a transporter.
  8463 | D:9      | Found a transporter.
  8464 | D:9      | Noticed bmack86's ghost (novice MiFi)
  8538 | D:9      | Noticed an oklob plant
  8689 | D:10     | Entered Level 10 of the Dungeon
  8772 | D:10     | Found a staircase to the Orcish Mines.
  8866 | D:10     | Reached skill level 13 in Stealth
  8948 | D:10     | Found a staircase to the Lair.
  9195 | D:10     | Identified the +8 falchion "Kajuten" {venom, Will+ Dex+3}
  9436 | D:10     | Found an iron altar of Okawaru.
  9438 | D:10     | Found a hazy altar of Hepliaklqana.
  9488 | D:10     | Noticed Sonja
  9489 | D:10     | Sonja changed into Sonja the howler monkey
  9489 | D:10     | Noticed Sonja
  9493 | D:10     | Killed Sonja the howler monkey
  9861 | D:10     | Reached skill level 10 in Evocations
  9905 | D:10     | Noticed Josephine
  9915 | D:10     | Reached skill level 14 in Stealth
  9965 | D:10     | Killed Josephine
  9996 | D:10     | Found a sparkling altar of Nemelex Xobeh.
 10157 | D:10     | Reached skill level 15 in Stealth
 10163 | D:10     | Reached XP level 12. HP: 73/73 MP: 12/12
 10756 | D:11     | Noticed Snorg
 10760 | D:11     | Killed Snorg
 10761 | D:11     | Reached skill level 10 in Dodging
 10785 | D:11     | Found a portal to a secret trove of treasure.
 11538 | Lair:1   | Entered Level 1 of the Lair of Beasts
 11757 | Lair:1   | Noticed Urug
 11761 | Lair:1   | Killed Urug
 12594 | Lair:2   | Reached skill level 16 in Stealth
 12758 | Lair:2   | Identified the +1 leather armour of Amelioration {rPois rN+
                  | Dex+3}
 12809 | Lair:2   | Found a staircase to the Snake Pit.
 12813 | Lair:2   | Reached XP level 13. HP: 79/79 MP: 13/13
 13110 | Lair:2   | Found a staircase to the Shoals.
 13383 | Lair:3   | Noticed a catoblepas
 13387 | Lair:3   | Killed a catoblepas
 14200 | Lair:3   | Reached skill level 17 in Stealth
 14339 | Lair:3   | Noticed a six-headed hydra
 14347 | Lair:3   | Killed a six-headed hydra
 14749 | Lair:4   | Found a staircase to the Slime Pits.
 14749 | Lair:4   | Found a viscous altar of Jiyva.
 14784 | Lair:4   | Reached skill level 18 in Stealth
 14802 | Lair:3   | Reached skill level 10 in Fighting
 15389 | Lair:4   | Reached XP level 14. HP: 88/88 MP: 14/14
 16168 | Lair:5   | Entered Level 5 of the Lair of Beasts
 16784 | Lair:5   | Reached skill level 15 in Dodging
 16941 | Lair:5   | Identified the +1 robe of Puwk {rElec rPois}
 17480 | Lair:5   | Reached skill level 15 in Evocations
 17528 | Lair:5   | Found a corrupted altar of Lugonu.
 17530 | Lair:5   | Reached XP level 15. HP: 69/92 MP: 15/15
 17645 | Lair:5   | Found a one-way gate to the infinite horrors of the Abyss.
 18024 | Orc:1    | Entered Level 1 of the Orcish Mines
 18092 | Orc:1    | Found a runed translucent door.
 18241 | Orc:1    | Found a runed translucent door.
 18429 | Orc:1    | Found the +10 tower shield of Ignorance {rN+ Int-4}
 18554 | Orc:2    | Entered Level 2 of the Orcish Mines
 18639 | Orc:2    | Reached skill level 1 in Maces & Flails
 18701 | Orc:2    | Found a staircase to the Elven Halls.
 19364 | Orc:2    | Reached skill level 19 in Stealth
 19450 | Orc:2    | Reached skill level 5 in Maces & Flails
 19581 | Orc:2    | Found Geolo's Armour Emporium.
 19581 | Orc:2    | Found Barorren's Distillery.
 19582 | Orc:2    | Found Ojuxi's Assorted Antiques.
 19582 | Orc:2    | Found Wanich's Distillery.
 19586 | Orc:2    | Bought a +2 pair of gloves of dexterity for 344 gold pieces
 19831 | Orc:2    | Bought a potion of heal wounds for 50 gold pieces
 19831 | Orc:2    | Bought a potion of curing for 30 gold pieces
 19831 | Orc:2    | Bought a potion of ambrosia for 80 gold pieces
 19831 | Orc:2    | Bought a potion of ambrosia for 80 gold pieces
 19831 | Orc:2    | Bought a potion of curing for 30 gold pieces
 19831 | Orc:2    | Bought a potion of magic for 80 gold pieces
 19831 | Orc:2    | Bought 2 potions of haste for 200 gold pieces
 19831 | Orc:2    | Bought a potion of berserk rage for 50 gold pieces
 19831 | Orc:2    | Bought a potion of might for 40 gold pieces
 19831 | Orc:2    | Bought a potion of might for 40 gold pieces
 19832 | Orc:2    | Bought a black potion for 36 gold pieces
 19832 | Orc:2    | Bought a condenser vane for 1600 gold pieces
 19832 | Orc:2    | Bought a potion of mutation for 320 gold pieces
 19832 | Orc:2    | Bought a potion of ambrosia for 320 gold pieces
 19834 | Orc:2    | Bought a potion of curing for 42 gold pieces
 19834 | Orc:2    | Bought a potion of might for 56 gold pieces
 19834 | Orc:2    | Bought a potion of ambrosia for 112 gold pieces
 20538 | D:12     | HP: 3/92 [poisoned by a death drake (foul vapour)]
 20863 | D:12     | Noticed Nessos
 20867 | D:12     | Killed Nessos
 20888 | D:12     | Found a glowing silver altar of Zin.
 20888 | D:12     | Noticed an angel
 21029 | D:13     | Noticed Kirke
 21034 | D:13     | Reached skill level 20 in Stealth
 21035 | D:13     | Killed Kirke
 21067 | D:13     | Reached XP level 16. HP: 97/97 MP: 16/16
 22182 | D:14     | Found a sacrificial altar of Ru.
 22221 | D:14     | Noticed Jorgrun
 22225 | D:14     | Killed Jorgrun
 22420 | D:14     | Found a gate to the Vaults.
 22863 | D:15     | Entered Level 15 of the Dungeon
 22905 | D:15     | Found a staircase to the Depths.
 23007 | D:15     | Noticed Rupert
 23015 | D:15     | Killed Rupert
 23030 | D:15     | Found a white marble altar of Elyvilon.
 23403 | D:15     | Gained mutation: You occasionally lose the ability to drink
                  | potions when taking damage. [a neqoxec]
 23979 | D:15     | Acquired the ring "Loegew" {MP+9 Str+3 SInv}
 24018 | D:15     | Lost mutation: You occasionally lose the ability to drink
                  | potions when taking damage. [potion of mutation]
 24018 | D:15     | Gained mutation: You are agile. (Dex +4, Str/Int -1)
                  | [potion of mutation]
 24051 | Depths:1 | Entered Level 1 of the Depths
 24127 | Depths:1 | Noticed a bone dragon
 24131 | Depths:1 | Killed a bone dragon
 24135 | Depths:1 | Found a gateway to Hell.
 24189 | Depths:1 | Reached XP level 17. HP: 78/103 MP: 17/17
 24534 | Depths:1 | Found a runed translucent door.
 25359 | Depths:1 | Noticed a walking frostbound tome
 25712 | Depths:1 | Identified the +0 scale mail of the Fiend {Str+4 Dex+4}
 25757 | Depths:1 | Killed a walking frostbound tome
 25765 | Depths:1 | Noticed a lich
 25769 | Depths:1 | Killed a lich
 26523 | Depths:1 | Found a gateway to Hell.
 27058 | Depths:2 | Reached skill level 1 in Shields
 27334 | Depths:2 | Noticed a deep elf master archer
 27347 | Depths:2 | Killed a deep elf master archer
 27700 | Depths:2 | Hit by a large rock thrown by a stone giant

Illustrated notes

Levels and vault maps discovered:
D:1:      wander_arrival_abandoned_jail, layout_basic, serial_bayou_pond_a
D:2:      layout_loops_corners, uniq_terence, uniq_jessica
D:3:      layout_basic, mainiacjoe_overflow_alcove_4, serial_curves,
          eino_curves_02, eino_curves_01, chequers_serial_rivers_large_b,
          due_unseen_surprise
D:4:      layout_basic, serial_shops, shop, uniq_edmund
D:5:      black_bear_nest_1, layout_basic, minivault_14
D:6:      lemuel_ice_spiral_2, layout_rooms, led_xom_imps,
          mainiacjoe_overflow_brackets, ebering_ghost_sewer_f, uniq_menkaure
D:7:      wad_woods_stonehenge, layout_loops_ring,
          nicolae_sif_muna_condensation, temple_pool_b, grunt_ministairs_4,
          minmay_ruffians
D:8:      layout_basic, serial_shops, shop
D:9:      layout_big_octagon, nzn_ghost_randoct
D:10:     layout_stronghold, mainiacjoe_overflow_chevrons, minitemple,
          due_lair_maze_entry_diamond, orc_0_dummy, uniq_josephine, uniq_sonja
D:11:     layout_long_grid, enter_trove_1, uniq_snorg
D:12:     layout_cave_pools, zin_angel, uniq_nessos
D:13:     layout_roguey, serial_rivers, chequers_serial_rivers_micro_d,
          chequers_serial_rivers_micro_b, chequers_serial_rivers_micro_b,
          chequers_serial_rivers_micro_b, chequers_serial_rivers_micro_a,
          uniq_kirke
D:14:     layout_small_grid, erik_vaults_1, nicolae_ru_sacrificial_ziggurat,
          minmay_between, uniq_jorgrun
D:15:     grunt_enter_depths_snipers, layout_cave_pools, elyvilon_altar_4,
          serial_demonic, serial_demonic_e, serial_demonic_b, serial_demonic_b,
          serial_demonic_b, serial_demonic_a, serial_demonic_a, minivault_4,
          uniq_rupert
Temple:   hellmonk_temple_divided_pantheon
Lair:1:   layout_regular_city, uniq_urug
Lair:2:   layout_long_grid, shoals_dummy_entry, guppyfry_snake_entry_island,
          serial_forest, infiniplex_forest_pool, infiniplex_forest_clump_curved,
          infiniplex_forest_lined_corner, infiniplex_forest_clump_C,
          infiniplex_forest_straight_2, infiniplex_forest_end_1,
          infiniplex_forest_clump_double, infiniplex_forest_end_3,
          infiniplex_staircase_pool
Lair:3:   layout_cave_pods, pdpol_lair_cavern_descent
Lair:4:   layout_layer_cave, slime_entry_1
Lair:5:   hellmonk_lair_end_abyssal_woods, layout_regular_city, roderic_batcave,
          lemuel_fruit_fields
Orc:1:    layout_diamond_mine, chequers_guarded_unrand_ignorance
Orc:2:    st_orc_ogre_mass, layout_diamond_mine
Depths:1: layout_basic, grunt_mini_vestibule, grunt_decor_clamped,
          serial_bayou_lagoon_a, lightli_gold_pyramid
Depths:2: dreamdust_merry_men, layout_gridlike, rand_demon_pan_entry_3,
          grunt_hell_entry_dis_mu, amcnicky_mini_rare_corridor_liquid,
          minivault_16, uniq_asterion

Skill      XL: |  1  2  3  4  5  6  7  8  9 10 11 12 13 14 15 16 17 |
---------------+----------------------------------------------------+-----
Stealth        | 2 3 4 5 6 8 12 15 16 18 20 | 20.0
Armour         | 1 2 3 4 |  4.0
Dodging        | 3 4 5 7 8 11 13 16 17 | 17.0
Fighting       | 2 3 4 6 8 10 13 | 13.9
Evocations     | 4 6 8 10 11 12 15 18 19 | 19.3
Short Blades   | 1 2 3 5 8 |  8.0
Maces & Flails | 6 8 |  8.0
Shields        | 3 |  3.1

Action                     |  1- 3 |  4- 6 |  7- 9 | 10-12 | 13-15 | 16-18 || total
---------------------------+-------+-------+-------+-------+-------+-------++-------
  Melee: Club              |    18 |       |       |       |       |       ||    18
         Dagger            |    35 |   218 |       |       |       |       ||   253
         Punch             |       |     3 |       |       |       |       ||     3
         Short sword       |       |    50 |       |       |       |       ||    50
         Pair of quick bla |       |     1 |    91 |   355 |   759 |   559 ||  1765
  Evoke: Wand              |     3 |     8 |     7 |     1 |    17 |     8 ||    44
         Condenser vane    |       |       |       |       |       |     2 ||     2
    Use: Scroll            |       |    11 |       |     9 |     8 |     4 ||    32
         Potion            |       |       |       |     2 |     1 |     2 ||     5
   Stab: Sleeping          |    11 |    27 |    15 |    49 |    62 |    46 ||   210
         Distracted        |     1 |     1 |     1 |       |    20 |    14 ||    37
         Fleeing           |       |       |       |       |     1 |       ||     1
 Armour: Leather armour    |    13 |    27 |    15 |    26 |    18 |    13 ||   112
  Dodge: Dodged            |    46 |   181 |    44 |   117 |   322 |   241 ||   951
  Block: Other             |       |       |       |       |       |     2 ||     2

Table legend: (Time is in decaauts)
 A = Elapsed time spent in this place.
 B = Non-inter-level travel time spent in this place.
 C = Inter-level travel time spent in this place.
 D = Time resting spent in this place.
 E = Time spent auto-exploring this place.
 F = Levels seen in this place.
 G = Mean time per level.
                   A        B        C        D        E       F      G
               +--------+--------+--------+--------+--------+-----+--------+
         Total |  26609 |  25200 |   1409 |   1016 |  20647 |  25 | 1064.4 |
       Dungeon |  15240 |  14286 |    954 |    497 |  11841 |  15 | 1016.0 |
        Temple |     70 |     59 |     11 |      0 |     32 |   1 |   70.0 |
          Lair |   6069 |   5908 |    161 |    128 |   4994 |   5 | 1213.8 |
  Orcish Mines |   1901 |   1742 |    159 |      0 |   1335 |   2 |  950.5 |
        Depths |   3328 |   3206 |    122 |    391 |   2444 |   2 | 1664.0 |
               +--------+--------+--------+--------+--------+-----+--------+

Top non-repeatable levels by time:
Depths:1: 2695 daAuts
  Lair:5: 1538 daAuts
    D:11: 1450 daAuts
  Lair:4: 1421 daAuts
     D:2: 1384 daAuts
  Lair:3: 1358 daAuts
    D:10: 1353 daAuts
    D:15: 1186 daAuts
   Orc:2: 1078 daAuts
     D:4: 1069 daAuts
     D:3: 1048 daAuts
     D:7: 1047 daAuts
     D:5: 1024 daAuts
     D:8: 1023 daAuts
  Lair:1: 954 daAuts
